 Dungeon Crawl Stone Soup version 0.29.1-1-gd02db6906a (webtiles) character file.

Game seed: 4037402160311002258

7291 runemasterragnar the Ruffian (level 10, 0/102 (103) HPs)
             Began as a Pale Draconian Transmuter on Sept 24, 2022.
             Was a High Priest of Cheibriados.
             Slain by a vampire (6 damage)
             ... while paralysed by Psyche
             ... on level 9 of the Dungeon.
             The game lasted 00:16:03 (12143 turns).

runemasterragnar the Ruffian (DrTm)                Turns: 12143, Time: 00:16:04

HP:   0/102 (103)   AC:  8    Str: 28    XL:     10   Next: 89%
MP:   16/19         EV:  1    Int: 31    God:    Cheibriados [*****.]
Gold: 726           SH:  0    Dex: 31    Spells: 11/21 levels left

rFire   x . .      SeeInvis .     - Unarmed
rCold   + + +      Faith    .   (shield currently unavailable)
rNeg    . . .      Spirit   .   (body armour unavailable)
rPois   +          Reflect  .   (helmet currently unavailable)
rElec   .          Harm     .   (cloak currently unavailable)
rCorr   .          Rampage  .   (gloves currently unavailable)
Will    .....                   (boots currently unavailable)
Stlth   +.........              (no amulet)
HPRegen 0.27/turn               t - +6 ring of dexterity
MPRegen 0.16/turn               b - ring of poison resistance

@: confused, paralysed, mighty, agile, ice-form, lightly drained, very slow
A: freezing attack, amphibious, boosted hp, (breathe steam), AC +7, large,
unfitting armour, (cold-blooded), (steam resistance)
a: End Transformation, Renounce Religion, Bend Time, Temporal Distortion,
Slouch, Step From Time


You were on level 9 of the Dungeon.
You worshipped Cheibriados.
Cheibriados was extremely pleased with you.
You were a creature of crystalline ice.
You visited 1 branch of the dungeon, and saw 10 of its levels.

You collected 726 gold pieces.

Inventory:

Missiles
 p - 4 throwing nets
Magical Staves
 s - a staff of fire
 u - a staff of death
 C - a staff of fire
Jewellery
 b - a ring of poison resistance (right front paw)
 t - a +6 ring of dexterity (left front paw)
 v - a ring of protection from cold
 y - a ring of ice
 G - a +6 ring of dexterity
Wands
 n - a wand of paralysis (5)
 z - a wand of flame (72)
 D - a wand of light (12)
Scrolls
 c - 3 scrolls of noise
 d - 6 scrolls of teleportation
 k - a scroll of enchant armour {unknown}
 m - 3 scrolls of enchant weapon {unknown}
 q - 4 scrolls of poison
 r - a scroll of blinking {unknown}
 w - 3 scrolls of fog {unknown}
 x - 2 scrolls of vulnerability {unknown}
 H - 2 scrolls of fear {unknown}
 I - a scroll of immolation {unknown}
 J - 2 scrolls of identify
Potions
 a - 4 potions of lignification
 e - a potion of invisibility
 f - 3 potions of flight
 g - 4 potions of brilliance
 h - 4 potions of ambrosia
 i - 3 potions of haste
 j - a potion of mutation {unknown}
 l - 2 potions of degeneration
 o - 5 potions of curing
 A - a potion of attraction {unknown}
 B - 2 potions of magic
 E - a potion of resistance {unknown}
 F - 2 potions of might
 K - a potion of heal wounds {unknown}


   Skills:
 + Level 7.1 Fighting
 + Level 6.2 Dodging
 + Level 7.1 Unarmed Combat
 + Level 6.2 Spellcasting
 + Level 6.8 Transmutations
 + Level 6.7 Invocations
 + Level 6.2 Evocations


You had 11 spell levels left.
You knew the following spells:

 Your Spells              Type           Power      Damage    Failure   Level
a - Beastly Appendage     Tmut           100%       N/A       1%          1
b - Wereblood             Tmut           51%        N/A       1%          2
c - Spider Form           Tmut/Pois      30%        N/A       3%          3
d - Ice Form              Ice/Tmut       30%        N/A       12%         4

Your spell library contained the following spells:

 Spells                   Type           Power      Damage    Failure   Level
 Passwall                 Tmut/Erth      25%        N/A       1%          2
 Sandblast                Erth           18%        2d7       4%          1
 Ensorcelled Hibernation  Hex/Ice        18%        N/A       8%          2
 Sublimation of Blood     Necr           9%         N/A       8%          2
 Stone Arrow              Conj/Erth      18%        3d8       14%         3
 Swiftness                Air            9%         N/A       14%         3
 Dispersal                Tloc           4%         N/A       100%        6
 Summon Hydra             Summ           4%         N/A       100%        7
 Disjunction              Tloc           4%         N/A       100%        8


Dungeon Overview and Level Annotations

Branches:
Dungeon (10/15)            Temple (0/1) D:5
   Lair: D:8-11         Orc: D:9-12

Altars:
Ashenzari
Cheibriados
Gozag
Kikubaaqudgha
Nemelex Xobeh
Qazlal
Sif Muna
Trog
Wu Jian
Xom

Shops:
D:3 =   D:5 [

Annotations:
D:6 1 runed translucent door
D:10 Psyche


Innate Abilities, Weirdness & Mutations

You are a creature of crystalline ice.
You have a powerful freezing melee attack.
You are amphibious.
Your maximum health is increased.
Your armour is entirely melded.
You are incapable of wielding weapons or throwing items.
((You can breathe blasts of scalding, opaque steam.))
((Your pale cyan-grey scales are hard. (AC +7)))
You cannot fit into any form of body armour.
((You are cold-blooded and may be slowed by cold attacks.))
((You are immune to the effects of steam.))


Message History

Something hits you but does no damage.
Deactivating autopickup; reactivate with Ctrl-A.
You feel very mighty all of a sudden. Something hits you. Something bites you!
Something draws strength from your injuries!
You hear some strange, mumbled words.
A swirling arc of seething chaos appears!
An arc of chaos appears from out of thin air!
The arc of chaos hits you!
Your mind is blasted!
The arc of chaos hits something.
Unknown command.
You feel mightier all of a sudden. Something hits you!
Something bites you but does no damage.
You hear some strange, mumbled words.
A swirling arc of seething chaos appears!
An arc of chaos appears from out of thin air!
The arc of chaos hits you!
The arc of chaos hits something.
Unknown command.
Unknown command.
You punch something! You freeze something. Something draws life force from you!
* * * LOW HITPOINT WARNING * * *
Something hits you.
* * * LOW HITPOINT WARNING * * *
You suddenly lose the ability to move!
Something hits you but does no damage.
You feel drained.
You hear some strange, mumbled words.
You are confused.
You hear some strange, mumbled words.
A swirling arc of seething chaos appears!
An arc of chaos appears from out of thin air!
The arc of chaos hits you.
* * * LOW HITPOINT WARNING * * *
You hear some strange, mumbled words.
You are more confused.
Something hits you but does no damage.
You feel agile all of a sudden. Something hits you!
* * * LOW HITPOINT WARNING * * *
Something bites you.
You die...

.##
##.#########.#.#.##
.# #.# #.##.##.# ##
##'## #.#..##.#
##...## #.#.###.#
##.....## ##..##.##
##.......## ##....##
##.........####...###
.'.........'.......#
##.).......####{Y{##
##.......## ##<.#
##.....## ##.##
##...## #...# ##'##
#..)# #.# #...# #.#
##.##
######.##########.#
#...#...........#.#


There were no monsters in sight!

Vanquished Creatures
  A two-headed ogre (D:9)
  Pikel (D:7)
  Maggie (D:9)
  A troll (D:10)
  2 wyverns (D:9)
  The ghost of xian the Shooter, an amateur PaHu of Fedhas (D:6)
  A steam dragon (D:7)
  Menkaure (D:7)
  2 acid dragons
  A black bear (D:5)
  A water moccasin (D:4)
  Duvessa (D:7)
  6 orc warriors
  2 sky beasts (D:6)
  An ogre (D:5)
  4 centaurs
  3 phantoms
  A kobold brigand (D:6)
  6 bullfrogs
  2 necrophages
  4 scorpions
  A gnoll sergeant (D:7)
  16 wights
  Dowan (D:7)
  10 killer bees (D:7)
  2 electric eels (D:6)
  A howler monkey (D:7)
  6 hounds
  5 orc priests
  2 gnoll boudas
  2 jellies
  4 iguanas
  6 orc wizards
  Robin (D:2)
  14 gnolls
  A river rat (D:6)
  5 adders
  A white imp (D:8)
  3 worms
  24 orcs
  5 bats
  7 endoplasms
  3 giant cockroaches
  10 goblins
  14 hobgoblins
  4 jackals (D:1)
  14 kobolds
  4 quokkas
  10 ball pythons
  4 frilled lizards
  2 rats
225 creatures vanquished.

Vanquished Creatures (others)
  A gnoll (D:7)
  15 fungi (D:7)
16 creatures vanquished.

Grand Total: 241 creatures vanquished

Notes
Turn   | Place    | Note
-------+----------+-------------------------------------------
     0 | D:1      | runemasterragnar the Draconian Transmuter began the quest
                  | for the Orb.
     0 | D:1      | Reached XP level 1. HP: 16/16 MP: 3/3
   271 | D:1      | Reached XP level 2. HP: 8/23 MP: 3/5
  1283 | D:1      | Reached XP level 3. HP: 29/29 MP: 4/6
  1411 | D:1      | Found a faded altar of an unknown god.
  1512 | D:1      | Prayed at the altar of an unknown god.
  1512 | D:1      | Became a worshipper of Cheibriados the Contemplative
  1512 | D:1      | Reached * piety under Cheibriados
  1533 | D:2      | Found an ornate altar of the Wu Jian Council.
  2335 | D:2      | Noticed Robin
  2348 | D:2      | Learned a level 2 spell: Wereblood
  2352 | D:2      | Learned a level 3 spell: Spider Form
  2366 | D:2      | Reached ** piety under Cheibriados
  2374 | D:2      | Killed Robin
  2375 | D:2      | Reached XP level 4. HP: 36/36 MP: 1/7
  2787 | D:3      | Found Yloe's Jewellery Boutique.
  2819 | D:3      | Reached skill level 1 in Invocations
  2875 | D:3      | Reached XP level 5. HP: 38/42 MP: 6/8
  3009 | D:3      | Noticed a black bear
  3272 | D:3      | Reached *** piety under Cheibriados
  3752 | D:4      | Noticed a water moccasin
  3926 | D:4      | Reached XP level 6. HP: 29/50 MP: 4/10
  4202 | D:5      | Entered Level 5 of the Dungeon
  4485 | D:5      | Found Omocekon's Antique Armour Shoppe.
  4779 | D:5      | Found a bloodstained altar of Trog.
  4843 | D:5      | You fall into a shaft and drop 1 floor!
  5191 | D:5      | Found a large runed translucent door.
  5214 | D:5      | Found a staircase to the Ecumenical Temple.
  5221 | D:5      | Your scales start taking on a pale cyan-grey colour.
  5221 | D:5      | Reached XP level 7. HP: 57/57 MP: 7/11
  5221 | D:5      | Gained mutation: You are immune to the effects of steam.
                  | [Pale Draconian growth]
  5307 | D:5      | Found a large runed translucent door.
  5410 | D:5      | Reached skill level 1 in Evocations
  6188 | D:5      | Found a snail-covered altar of Cheibriados.
  6202 | D:5      | Found an ancient bone altar of Kikubaaqudgha.
  6210 | D:5      | Reached **** piety under Cheibriados
  6211 | D:5      | Reached XP level 8. HP: 46/66 MP: 11/13
  6405 | D:6      | Learned a level 4 spell: Ice Form
  6631 | D:6      | Found a runed translucent door.
  6640 | D:6      | Noticed xian's ghost (amateur PaHu)
  6665 | D:6      | Killed xian's ghost
  6666 | D:6      | Reached skill level 5 in Unarmed Combat
  6680 | D:6      | Found a runed translucent door.
  6763 | D:6      | Found a stormy altar of Qazlal.
  6855 | D:6      | Reached skill level 5 in Fighting
  6855 | D:6      | Reached XP level 9. HP: 74/74 MP: 15/15
  7157 | D:7      | Reached skill level 5 in Transmutations
  7266 | D:7      | Noticed Pikel
  7281 | D:7      | Killed Pikel
  7282 | D:7      | Reached skill level 5 in Invocations
  7512 | D:7      | Reached skill level 5 in Spellcasting
  7757 | D:7      | Found an ornate altar of the Wu Jian Council.
  7759 | D:7      | Noticed Menkaure
  7909 | D:8      | Reached skill level 5 in Dodging
  8201 | D:7      | Killed Menkaure
  8399 | D:7      | Noticed Dowan
  8400 | D:7      | Reached ***** piety under Cheibriados
  8406 | D:7      | Noticed Duvessa
  8412 | D:7      | Killed Duvessa
  8418 | D:7      | Killed Dowan
  8684 | D:7      | Reached skill level 5 in Evocations
  8684 | D:7      | Reached XP level 10. HP: 83/83 MP: 11/18
  9526 | D:8      | Found a sparkling altar of Nemelex Xobeh.
 10485 | D:9      | Noticed Maggie
 10493 | D:9      | Killed Maggie
 10678 | D:9      | Found a shimmering blue altar of Sif Muna.
 11195 | D:9      | Noticed a two-headed ogre
 11196 | D:9      | Found a broken altar of Ashenzari.
 11202 | D:9      | Killed a two-headed ogre
 11229 | D:9      | Found a shimmering altar of Xom.
 11445 | D:9      | Found an opulent altar of Gozag.
 11756 | D:10     | Entered Level 10 of the Dungeon
 12128 | D:10     | Noticed Psyche
 12140 | D:9      | Paralysed by something for 4 turns
 12143 | D:9      | Slain by a vampire

Illustrated notes

Levels and vault maps discovered:
D:1:      sevenhm_arrival_forest_fort_small_1, layout_loops_corners,
          shapermc_ecumenical_altar_hornbeckon
D:2:      minmay_diamond_boxcup, layout_basic, basic_altar, uniq_robin
D:3:      layout_loops_ring, serial_shops, nicolae_shop_waterfront,
          roderic_serpentine_path, lightli_corner_chamber
D:4:      layout_rooms
D:5:      layout_loops_corners, mainiacjoe_overflow_alcove_4,
          jmf_multi_god_temple2, minmay_temple_entry_statues, serial_shops,
          kennysheep_little_box, minmay_joined_circles
D:6:      layout_cave_pools, mainiacjoe_overflow_tiny_flanked, serial_park,
          serial_park_fountain, serial_park_gazebo
          [serial_park_minivault_5x5_8], serial_park_tiny_1, serial_park_square1
          [serial_park_minivault_5x5_6], serial_park_tiny_2,
          ebering_ghost_sewer_f, minmay_fractal_squares_diagonal_5
D:7:      layout_loops_corners, mainiacjoe_overflow_cross_hatched, uniq_pikel,
          uniq_menkaure, uniq_duvessa
D:8:      layout_layer_cave, nemelex_spade_bored_becter, chequers_avenue
D:9:      layout_loops_corners, lemuel_coloured_pillars_altar,
          grunt_temple_overflow_open, corner_web_ring, uniq_maggie
D:10:     layout_basic, uniq_erica, uniq_psyche

Skill      XL: |  1  2  3  4  5  6  7  8  9 10 |
---------------+-------------------------------+-----
Dodging        | 2 3 4 5 6 |  6.2
Fighting       | 2 3 5 6 7 |  7.1
Invocations    | 1 2 3 4 5 6 |  6.7
Transmutations | 3 4 5 6 |  6.8
Spellcasting   | 3 4 5 6 |  6.2
Unarmed Combat | 4 5 6 7 |  7.1
Evocations     | 2 3 5 6 |  6.2

Action                   |  1- 3 |  4- 6 |  7- 9 | 10-12 || total
-------------------------+-------+-------+-------+-------++-------
Melee: Unarmed           |   111 |   112 |   211 |   112 ||   546
       Kick              |    20 |    24 |    18 |     9 ||    71
       Headbutt          |     9 |    12 |    12 |     6 ||    39
       Tailslap          |     9 |     6 |     1 |     4 ||    20
       Punch             |     1 |       |     3 |     1 ||     5
 Cast: Beastly Appendage |    28 |    18 |     7 |     6 ||    59
       Wereblood         |     1 |     3 |     6 |     4 ||    14
       Spider Form       |     1 |     7 |     7 |       ||    15
       Ice Form          |       |       |     9 |    22 ||    31
Invok: Bend Time         |       |       |     1 |       ||     1
 Abil: Breathe Steam     |       |       |     7 |     2 ||     9
       End Transformatio |       |       |     1 |       ||     1
Evoke: Wand              |       |       |     4 |     1 ||     5
  Use: Scroll            |       |     8 |       |     4 ||    12
       Potion            |       |       |       |     1 ||     1
 Stab: Sleeping          |     1 |     1 |     1 |       ||     3
       Paralysed         |       |       |    10 |     2 ||    12
Armor: Skin              |    49 |    12 |    36 |    34 ||   131
Dodge: Dodged            |    91 |    69 |   152 |   113 ||   425
